General information
- name: BNet
- type: Ladder 1vs1/FFA
- host: Battle.net
- saver: 2Funk2Druck
map: EchoIsles
- players: 2
- length: 17:15
- speed: Fast
- version: 1.26 W3XP
- replay type: Public
» download(52 KB)
Players
team 1 (winner)
2Funk2Druck (
pink | 60 APM | 1034 actions | 17:15)
6 Blood Mage
3 Flame Strike
2 Siphon Mana
1 Summon Phoenix
» actions
| Assign group hotkey | 119 | |
| Basic commands | 7 | |
| Build / train | 73 | |
| Enter build submenu | 38 | |
| Enter hero's abilities submenu | 6 | |
| Give item / drop item | 2 | |
| Right click | 364 | |
| Select / deselect | 255 | |
| Select group hotkey | 71 | |
| Use ability | 99 | |
1034 total
» units
| Peasant | 12 | |
| Footman | 8 | |
| Forest Troll Shadow Priest | 1 | |
| Sorceress | 3 | |
| Mortar Team | 4 | |
28 total
» upgrades
| Lumber Harvesting | 1 | |
| Sorceress Training | 1 | |
| Masonry | 2 | |
| Gunpowder | 1 | |
| Armor | 1 | |
6 total
» buildings
| Altar of Kings | 1 | |
| Barracks | 1 | |
| Farm | 7 | |
| Arcane Vault | 1 | |
| Keep | 1 | |
| Lumber Mill | 1 | |
| Scout Tower | 16 | |
| Guard Tower | 5 | |
| Town Hall | 1 | |
| Arcane Sanctum | 1 | |
| Gryphon Aviary | 2 | |
| Arcane Tower | 1 | |
| Blacksmith | 2 | |
| Workshop | 2 | |
| Castle | 1 | |
43 total
» build order
00:21 Altar of Kings
00:23 Barracks
00:50 Farm
01:04 Farm
01:31 Farm
01:34 Farm
02:16 Farm
02:46 Arcane Vault
03:47 Keep
04:56 Lumber Mill
05:35 Scout Tower
05:35 Scout Tower
05:35 Scout Tower
05:37 Scout Tower
05:37 Scout Tower
05:42 Scout Tower
05:45 Scout Tower
05:47 Scout Tower
05:48 Scout Tower
05:51 Scout Tower
06:28 Guard Tower
06:47 Guard Tower
07:44 Guard Tower
07:46 Town Hall
08:30 Arcane Sanctum
10:17 Scout Tower
10:18 Scout Tower
10:19 Scout Tower
11:10 Guard Tower
11:14 Gryphon Aviary
11:17 Gryphon Aviary
11:20 Arcane Tower
11:36 Blacksmith
12:46 Blacksmith
13:35 Scout Tower
13:37 Scout Tower
13:59 Workshop
14:42 Guard Tower
14:46 Workshop
14:59 Castle
16:24 Farm
16:26 Farm
» items
| Scroll of Regeneration | 4 | |
| Boots of Speed | 1 | |
| Staff of Teleportation | 1 | |
| Potion of Healing | 7 | |
| Lesser Clarity Potion | 3 | |
| Scroll of Town Portal | 3 | |
| Potion of Invisibility | 2 | |
| Potion of Mana | 3 | |
24 total
team 2 (loser)
RJ_SS (
red | 87 APM | 1507 actions | 17:13)
4 Archmage
2 Summon Water Elemental
2 Brilliance Aura
1 Mountain King
1 Storm Bolt
» actions
| Assign group hotkey | 36 | |
| Build / train | 112 | |
| Enter build submenu | 28 | |
| Enter hero's abilities submenu | 5 | |
| Remove unit from queue | 1 | |
| Right click | 652 | |
| Select / deselect | 229 | |
| Select group hotkey | 351 | |
| Use ability | 93 | |
1507 total
» units
| Peasant | 56 | |
| Footman | 16 | |
| Rifleman | 6 | |
78 total
» upgrades
| Swords | 1 | |
| Gunpowder | 2 | |
| Plating | 1 | |
| Armor | 1 | |
| Lumber Harvesting | 2 | |
| Masonry | 2 | |
| Long Rifles | 1 | |
10 total
» buildings
| Altar of Kings | 1 | |
| Barracks | 2 | |
| Farm | 8 | |
| Town Hall | 1 | |
| Arcane Vault | 1 | |
| Blacksmith | 1 | |
| Lumber Mill | 1 | |
| Keep | 1 | |
| Scout Tower | 14 | |
| Guard Tower | 6 | |
| Arcane Tower | 1 | |
| Castle | 1 | |
38 total
» build order
00:08 Altar of Kings
00:15 Barracks
00:27 Farm
00:58 Farm
02:08 Farm
03:19 Town Hall
04:33 Arcane Vault
04:52 Blacksmith
04:57 Farm
04:59 Farm
05:18 Lumber Mill
05:41 Keep
05:49 Farm
06:29 Barracks
08:09 Scout Tower
08:12 Scout Tower
08:13 Scout Tower
08:39 Farm
08:41 Farm
08:55 Guard Tower
09:06 Guard Tower
09:10 Scout Tower
09:53 Arcane Tower
09:56 Scout Tower
09:58 Scout Tower
10:33 Guard Tower
10:56 Guard Tower
11:29 Scout Tower
11:31 Scout Tower
12:15 Castle
12:17 Guard Tower
12:20 Scout Tower
12:21 Scout Tower
13:31 Scout Tower
13:34 Scout Tower
15:39 Guard Tower
16:24 Scout Tower
16:26 Scout Tower
» items
| Scroll of Regeneration | 2 | |
| Lesser Clarity Potion | 1 | |
3 total
Chat log
(00:42 / All) 2Funk2Druck: DEAD INSIDE
(00:44 / All) 2Funk2Druck: DEAD INSIDE
(00:47 / All) 2Funk2Druck: DEAD INSIDE